 Dungeon Crawl Stone Soup version 0.27.0-1-g7a089689b8 (webtiles) character file.

Game seed: 4218712736638657993

7 willcat the Sneak (level 1, -10/18 HPs)
             Began as a Mummy Delver on Aug 13, 2021.
             Splashed by an acid dragon's acid (16 damage)
             ... on level 5 of the Dungeon.
             The game lasted 00:00:24 (77 turns).

willcat the Sneak (Mummy Delver)                      Turns: 77, Time: 00:00:25

Health: -10/18     AC:  3    Str: 15    XL:     1   Next: 91%
Magic:  1/1        EV: 11    Int:  9    God:
Gold:   0          SH:  0    Dex: 13    Spells: 0/0 levels left

rFire    x . .     SeeInvis .   a - +0 short sword
rCold    + . .     Faith    .   (no shield)
rNeg     + + +     Spirit   .   b - +0 leather armour
rPois    ∞         Reflect  .   (no helmet)
rElec    .         Harm     .   (no cloak)
rCorr    .         Rampage  .   (no gloves)
Will     .....                  (no boots)
Stlth    ++........             (no amulet)
HPRegen  0.06/turn              (no ring)
MPRegen  0.07/turn              (no ring)

@: no status effects
A: cold resistance 1, negative energy resistance 3, torment resistance 2, heat
vulnerability 1, no potions
a: no special abilities


You were on level 5 of the Dungeon.
You visited 1 branch of the dungeon, and saw 2 of its levels.

Inventory:

Hand Weapons
 a - a +0 short sword (weapon)
Armour
 b - a +0 leather armour (worn)
Wands
 f - a wand of digging (3)
Scrolls
 c - a scroll of fog
 d - a scroll of magic mapping
 e - a scroll of fear


   Skills:
 - Level 3.0 Fighting
 + Level 1.9 Short Blades
 - Level 1.5 Dodging
 + Level 4.3 Stealth


You couldn't memorise any spells.
You didn't know any spells.
Your spell library was empty.

Dungeon Overview and Level Annotations

Branches:
Dungeon (6/15)
 Temple: D:4-7

Altars:

Annotations:
D:5 Eustachio


Innate Abilities, Weirdness & Mutations

You are immune to poison.
Your flesh is cold resistant. (rC+)
You are immune to negative energy. (rN+++)
You are immune to unholy pain and torment.
You are vulnerable to heat. (rF-)
You do not drink.


Message History

A shadow imp comes into view.
A shadow imp is nearby!
The helpless shadow imp fails to defend itself.
You puncture the shadow imp!
You kill the shadow imp!
No target in view!
You open the door.
There is an open door here.
You open the door.
A mummy comes into view.
A mummy is nearby!
There is an open door here.
There is a stone staircase leading up here.
You climb upwards.
There is a stone staircase leading down here.
An iguana comes into view.
The iguana hisses angrily.
An iguana is nearby!
An iguana is nearby!
Found a scroll labelled JAMNIA XOGG.
Eustachio the Magnificent comes into view.
He is wielding a +0 falchion.
Eustachio shouts!
You hear a shout!
A white imp comes into view.
Found 18 gold pieces.
g - a scroll labelled JAMNIA XOGG
There are no items here.
Found a ring mail.
An acid dragon comes into view.
The acid dragon roars!
The acid dragon bites you. The acid dragon closely misses you.
As you read the scroll labelled JAMNIA XOGG, it crumbles to dust.
It is a scroll of amnesia.
You feel forgetful for a moment.
Eustachio growls, "To hell with you, honourless miscreant!"
The acid dragon spits acid at you. The splash of acid hits you!
Ouch! That really hurt!
You are splashed with acid!
Ouch! That really hurt!
You die...

####### ### #.....#
#. .. #.###.#
#####. #. #.# #.#
#.. .. #.##.# #.#
#.# #.###....###.#
#.# #..###........
##.####.#.........#
#.@D..#.....#####.#
###@###.#.### #.#
#..5..#.# ..#
#######@# #.# #.#
#.# #5# ... ... ..
#.. #l# #.. ..#


You could see Eustachio, an acid dragon (catching breath) and a white imp.

Vanquished Creatures
  A shadow imp (D:6)
1 creature vanquished.

Notes
Turn   | Place    | Note
-------+----------+-------------------------------------------
     0 | D:5      | willcat the Mummy Delver began the quest for the Orb.
     0 | D:5      | Reached XP level 1. HP: 18/18 MP: 1/1
    48 | D:5      | Noticed an iguana
    67 | D:5      | Noticed Eustachio
    75 | D:5      | Noticed an acid dragon
    77 | D:5      | Splashed by an acid dragon's acid

Illustrated notes

Levels and vault maps discovered:
D:5:      layout_basic, nicolae_uskayaw_suspiria, uniq_eustachio
D:6:      minmay_diamond_boxcup, layout_basic, nemelex_altar_shiori,
          lemuel_mausoleum_altar_kikubaaqudgha, serial_shops, kennysheep_mini,
          bh_walls_and_bars, uniq_maggie

Action                   || total
-------------------------++-------
Melee: Short sword       ||     1
  Use: Scroll            ||     1
 Stab: Sleeping          ||     1
Dodge: Dodged            ||     1
